 Dungeon Crawl Stone Soup version 0.31-a0-441-g867994ef1c (webtiles) character file.

Game seed: 15436372107980810468

53 LeprechaunX the Ruffian (level 3, -1/24 HPs)
             Began as an Octopode Shapeshifter on Aug 2, 2023.
             Slain by a goblin
             ... wielding a +0 dagger
             ... led by Robin
              (4 damage)
             ... on level 2 of the Dungeon.
             The game lasted 00:00:45 (1190 turns).

LeprechaunX the Ruffian (Octopode Shapeshifter)     Turns: 1190, Time: 00:00:46

Health: -1/24      AC:  1    Str: 16    XL:     3   Next: 89%
Magic:  3/3        EV: 13    Int: 10    God:
Gold:   72         SH:  0    Dex: 12    Spells: 2/2 levels left

rFire   . .          .
                       - Unarmed
rCold   . . .        (no shield)
rNeg    . . .        (helmet currently unavailable)
rPois   .            (no amulet)
rElec   .            (no ring)
rCorr   .            (no ring)
SInv    .            (no ring)
Will    .....        (no ring)
Stlth   ++           (no ring)
HPRegen 0.24/turn    (no ring)
MPRegen 0.08/turn    (no ring)
                     (no ring)

%: no passive effects
@: beast-form
A: beast (slay +2), almost no armour, amphibious, 8 rings, camouflage 1,
gelatinous body 1, (nimble swimmer 1), tentacles
a: Begin Untransformation


You were on level 2 of the Dungeon.
You were a hulking beast.
You visited 1 branch of the dungeon, and saw 2 of its levels.

You collected 72 gold pieces.

Inventory:

Jewellery
 e - a ring of wizardry
 j - a ring of ice
Talismans
 b - a beast talisman (active)
Scrolls
 c - 2 scrolls of identify {unknown}
 g - a scroll of immolation {unknown}
 i - a scroll of teleportation {unknown}
Potions
 a - 2 potions of lignification
 d - a potion of curing {unknown}
 f - a potion of cancellation {unknown}
 h - a potion of attraction {unknown}


   Skills:
 + Level 1.8 Fighting
 + Level 2.5 Dodging
 * Level 3.7 Unarmed Combat
 + Level 3.2 Shapeshifting


You had 2 spell levels left.
You didn't know any spells.
Your spell library contained the following spells:

 Spells                   Type           Power      Damage    Failure   Level
 Shock                    Conj/Air       0%         1d3       36%         1
 Cigotuvi's Dreadful Rot  Necr/Pois/Air  0%         N/A       50%         2
 Swiftness                Air            0%         N/A       75%         3
 Airstrike                Air            0%         2d(0-16)  98%         4
 Dispel Undead            Necr           0%         3d6       98%         4
 Death Channel            Necr           0%         N/A       100%        6


Dungeon Overview and Level Annotations

Branches:
Dungeon (2/15)

Altars:


Innate Abilities, Weirdness & Mutations

You are a hulking beast.
Your limbs bulge with bestial killing power. (Slay +2)
You cannot wear most types of armour.
You are amphibious.
You can wear up to eight rings at the same time.
Your skin changes colour to match your surroundings (Stealth+).
Your rubbery body absorbs attacks. (AC +1, EV +1)
((You are camouflaged when in or above water. (Stealth+)))
You have tentacles for arms and can constrict up to eight enemies at once.


Message History

You barely miss the goblin. Your grab misses the goblin.
The goblin barely misses you. The goblin closely misses you.
A goblin comes into view. It is wielding a +0 dagger.
The goblin shouts!
You bludgeon the goblin!
You kill the goblin!
A hobgoblin comes into view.
The goblin closely misses you. The goblin barely misses you.
The hobgoblin shouts!
You bludgeon the goblin!
You kill the goblin!
The goblin barely misses you.
You tentacle-slap Robin. You grab Robin.
Robin is heavily wounded.
You constrict Robin. Robin throws the goblin at you!
The goblin hits you but does no damage. The goblin closely misses you.
You barely miss Robin. Your squeeze misses Robin.
Robin is severely wounded.
You constrict Robin.
Robin roars a battlecry!
The goblins go into a battle-frenzy!
The goblin hits you with a +0 dagger. The goblin barely misses you. x2
You tentacle-slap Robin.
You kill Robin!
The goblin hits you with a +0 dagger. The goblin completely misses you.
The goblin closely misses you.
You are too injured to fight recklessly!
You are too injured to fight recklessly!
You are too injured to fight recklessly!
Unknown command.
You barely miss the goblin. Your grab misses the goblin.
The goblin hits you with a +0 dagger.
* * * LOW HITPOINT WARNING * * *
The goblin hits you with a +0 dagger.
* * * LOW HITPOINT WARNING * * *
The goblin misses you.
You tentacle-slap the goblin.
You kill the goblin!
The goblin hits you with a +0 dagger.
You die...

# # # #### #########
# ...# #.......# #
#..## #.#####.# #
#.###...####†#####.#
#
......gh)........#.#
#.###.gg####.###.#.#
#..## #.###.#.# #..
#.......# ## ....
#####.### #. ####+
#.# #. ##.## #[
#...# #. #..## #.


You could see a hobgoblin (strong) and 2 goblins.

Vanquished Creatures
  Robin (D:2)
  An adder (D:2)
  A worm (D:2)
  3 endoplasms
  A giant cockroach (D:2)
  5 goblins (D:2)
  2 hobgoblins (D:2)
  3 jackals (D:2)
  2 quokkas
  A ball python (D:2)
  3 bats (D:2)
  2 frilled lizards
  3 kobolds
  4 rats
32 creatures vanquished.

Notes
Turn   | Place    | Note
-------+----------+-------------------------------------------
     0 | D:1      | LeprechaunX the Octopode Shapeshifter began the quest for
                  | the Orb.
     0 | D:1      | Reached XP level 1. HP: 13/13 MP: 1/1
   442 | D:1      | Reached XP level 2. HP: 18/18 MP: 2/2
   855 | D:2      | Reached XP level 3. HP: 22/23 MP: 3/3
  1181 | D:2      | Noticed Robin
  1188 | D:2      | Killed Robin
  1190 | D:2      | Slain by a goblin

Illustrated notes

Levels and vault maps discovered:
D:1:      denvon_arrival_planthouse, layout_basic
D:2:      layout_loops_corners, serial_shops, nicolae_shop_back_alley_shop,
          uniq_robin

Action                     || total
---------------------------++-------
  Melee: Unarmed           ||    53
         Tentacles         ||     9
         Constrict         ||    12
         Punch             ||     1
   Stab: Sleeping          ||     6
 Armour: Skin              ||     3
  Dodge: Dodged            ||    33

Table legend: (Time is in decaauts)
 A = Elapsed time spent in this place.
 B = Non-inter-level travel time spent in this place.
 C = Inter-level travel time spent in this place.
 D = Time resting spent in this place.
 E = Time spent auto-exploring this place.
 F = Levels seen in this place.
 G = Mean time per level.
                   A        B        C        D        E       F      G
               +--------+--------+--------+--------+--------+-----+--------+
         Total |   1186 |   1168 |     18 |      0 |    997 |   2 |  593.0 |
       Dungeon |   1186 |   1168 |     18 |      0 |    997 |   2 |  593.0 |
               +--------+--------+--------+--------+--------+-----+--------+

Top non-repeatable levels by time:
     D:1: 718 daAuts
     D:2: 468 daAuts
